 Dungeon Crawl Stone Soup version 0.27.1 (webtiles) character file.

Game seed: 13313864908081169817

800 H0rd4k the Summoner (level 7, -3/48 HPs)
             Began as a Barachi Summoner on Sept 1, 2021.
             Was an Initiate of Qazlal.
             Slain by Pikel (17 damage)
             ... on level 7 of the Dungeon.
             The game lasted 00:14:23 (9101 turns).

H0rd4k the Summoner (Barachi Summoner)              Turns: 9101, Time: 00:14:24

Health: -3/48      AC:  2    Str: 15    XL:     7   Next: 90%
Magic:  2/15       EV: 12    Int: 18    God:    Qazlal [......]
Gold:   305        SH:  0    Dex: 12    Spells: 5/16 levels left

rFire    + . .     SeeInvis .   G - staff of fire
rCold    . . .     Faith    .   (no shield)
rNeg     . . .     Spirit   .   a - +0 robe
rPois    +         Reflect  .   (no helmet)
rElec    .         Harm     .   (no cloak)
rCorr    .         Rampage  .   (no gloves)
Will     .....                  (no boots)
Stlth    ++........             k - amulet of regeneration
HPRegen  1.16/turn              s - +6 ring of strength
MPRegen  0.14/turn              t - ring of poison resistance

@: slow
A: amphibious, slowness 1, strong legs 1, +LOS
a: Hop, Renounce Religion


You were on level 7 of the Dungeon.
You worshipped Qazlal.
Qazlal was noncommittal.
You visited 2 branches of the dungeon, and saw 8 of its levels.

You collected 305 gold pieces.

Inventory:

Hand Weapons
 y - the +0 hand axe of Generosity {drain, *Slow rPois SInv}
   (You found it on level 4 of the Dungeon)

   A truly terrible weapon, it drains the life of any living foe it strikes.
   rPois:     It protects you from poison.
   SInv:      It lets you see invisible.
   *Slow:     It may slow you when you take damage.
 B - a +0 short sword of electrocution
Armour
 a - a +0 robe (worn)
Magical Staves
 G - a staff of fire (weapon)
Jewellery
 e - a ring of protection from cold
 k - an amulet of regeneration (around neck)
 m - a ring of flight
 s - a +6 ring of strength (left hand)
 t - a ring of poison resistance (right hand)
 A - a ring of see invisible
Wands
 l - a wand of iceblast (3)
 r - a wand of flame (9)
 x - a wand of paralysis (4)
 D - a wand of acid (11)
Scrolls
 d - a scroll of enchant armour {unknown}
 f - a scroll of noise {unknown}
 g - a scroll of brand weapon {unknown}
 h - 2 scrolls of teleportation {unknown}
 i - 4 scrolls of identify {unknown}
 j - 2 scrolls of blinking {unknown}
 n - 2 scrolls of immolation {unknown}
 p - a scroll of magic mapping {unknown}
 q - 2 scrolls of torment {unknown}
 u - 2 scrolls of amnesia {unknown}
 v - a scroll of vulnerability {unknown}
 F - 2 scrolls of fear
 H - a scroll of holy word {unknown}
Potions
 b - 3 potions of curing
 c - 2 potions of resistance {unknown}
 o - 2 potions of ambrosia {unknown}
 w - a potion of degeneration {unknown}
 z - a potion of flight {unknown}
 C - a potion of brilliance {unknown}
 E - a potion of might {unknown}


   Skills:
 + Level 1.4 Fighting
 + Level 0.2 Axes
 + Level 2.5 Dodging
 + Level 1.7 Stealth
 + Level 0.1 Unarmed Combat
 + Level 5.3 Spellcasting
 + Level 8.7 Summonings
 + Level 2.5 Air Magic


You had 5 spell levels left.
You knew the following spells:

 Your Spells              Type           Power      Damage    Failure   Level
a - Summon Small Mammal   Summ           100%       N/A       1%          1
b - Call Canine Familiar  Summ           36%        N/A       1%          3
c - Summon Lightning Spi  Summ/Air       25%        N/A       12%         4
d - Conjure Flame         Conj/Fire      7%         6-21      36%         3

Your spell library contained the following spells:

 Spells                   Type           Power      Damage    Failure   Level
 Call Imp                 Summ           36%        N/A       1%          2
 Summon Guardian Golem    Hex/Summ       20%        N/A       6%          3
 Corona                   Hex            4%         N/A       13%         1
 Foxfire                  Conj/Fire      28%        2x1d5     13%         1
 Magic Dart               Conj           16%        1d3       13%         1
 Ensorcelled Hibernation  Hex/Ice        8%         N/A       19%         2
 Mephitic Cloud           Conj/Pois/Air  7%         N/A       26%         3
 Dazzling Flash           Conj/Hex       8%         N/A       36%         3
 Gell's Gravitas          Tloc           2%         N/A       36%         3
 Inner Flame              Hex/Fire       7%         N/A       36%         3
 Lesser Beckoning         Tloc           2%         N/A       36%         3
 Teleport Other           Tloc           4%         N/A       36%         3
 Tukima's Dance           Hex            4%         N/A       36%         3
 Summon Forest            Summ/Tloc      10%        N/A       52%         5
 Summon Mana Viper        Hex/Summ       20%        N/A       52%         5
 Iskenderun's Mystic Bla  Conj/Tloc      4%         2d3       77%         4
 Shadow Creatures         Summ           N/A        N/A       47%         6
 Starburst                Conj/Fire      3%         6d3       100%        6


Dungeon Overview and Level Annotations

Branches:
Dungeon (7/15)             Temple (1/1) D:6

Altars:
Ashenzari
Cheibriados
Dithmenos
Elyvilon
Fedhas
Gozag
Hepliaklqana
Kikubaaqudgha
Makhleb
Nemelex Xobeh
Okawaru
Qazlal
Ru
Sif Muna
Trog
Uskayaw
Vehumet
Wu Jian
Xom
Yredelemnul
Zin
The Shining One

Annotations:
D:1 exclusion: downstairs
D:3 exclusion: upstairs
D:4 exclusion: downstairs
D:5 Edmund
D:6 exclusion: upstairs
D:7 exclusion: sky beast, Pikel


Innate Abilities, Weirdness & Mutations

You are amphibious.
You cover ground slowly.
You can hop short distances.
You have an extended range of vision and can be seen from far away.


Message History

Your bat barely misses the lemure.
The lemure hits your bat.
Your bat dies!
Your bat's corpse disappears in a puff of smoke!
Your lightning spire shoots out a bolt of lightning at the orc priest!
The bolt of electricity hits the lemure!
The bolt of electricity hits the orc priest!
The orc priest dies!
Qazlal accepts your kill.
Your bat barely misses Pikel.
Your bat hits the lemure but does no damage.
The lemure barely misses your bat. The lemure misses your bat.
Your bat barely misses Pikel.
Something barely misses your lightning spire.
The lemure closely misses your bat.
Your lightning spire shoots out a bolt of lightning at the lemure!
The bolt of electricity hits the lemure! x2
The lemure dies!
The bolt of electricity hits your lightning spire.
Your lightning spire completely resists.
The bolt of electricity hits your lightning spire.
Your lightning spire completely resists.
Pikel cracks his whip.
Something hits your lightning spire but does no damage.
Your bat barely misses Pikel.
Something hits your lightning spire but does no damage.
Pikel says, "Asmodeus and me are pals.
He gave me this whip."
Your bat hits Pikel.
Your bat barely misses Pikel.
Your bat hits Pikel but does no damage.
Casting: Summon Lightning Spire (quite dangerous; 12% risk of failure)
Confirm with . or Enter, or press ? or * to list all spells.
You don't know that spell.
Casting: Summon Lightning Spire (quite dangerous; 12% risk of failure)
Confirm with . or Enter, or press ? or * to list all spells.
Pikel hits you with a +2 whip of electrocution!
You are electrocuted!
Your bat hits Pikel but does no damage.
Your bat barely misses Pikel.
Pikel hits you with a +2 whip of electrocution.
* * * LOW HITPOINT WARNING * * *
You are electrocuted!
You die...

......####.#
##.#......#
#......###.#
#..#......#
#..........#
#.##......#
#......#####
#.##......#
#.........#
#.##..#####
.).§§.###.# #.##.##
...§§)..#.# #.#..#
###).)..#.# #h#.##
.>#..).5#.#### #@#.#
#....)..8....# #K#.#
##........##.###b#.#
#.........5...##5#.#
..########b....#.#.#
.# ####....#.# .
####.#.# #.#.# #.#.#


You could see Pikel (ally target), a lemure, a friendly wolf (summoned) and a
friendly bat (summoned).

Vanquished Creatures
  A sky beast (D:6)
  Natasha (D:2)
  An adder (D:5)
  3 ball pythons
  A goblin (D:1)
  A jackal (D:4)
  A quokka (D:1)
  A bat (D:1)
  A kobold (D:2)
11 creatures vanquished.

Vanquished Creatures (collateral kills)
  3 ogres
  An ice beast (D:5)
  A centaur (D:6)
  A lemure (D:7)
  A wyvern zombie (D:6)
  A water moccasin zombie (D:5)
  A howler monkey (D:6)
  2 centaur skeletons
  A bullfrog zombie (D:5)
  2 jellies
  4 hounds (D:6)
  3 orc priests
  Jessica (D:3)
  2 orc wizards
  Natasha (twice) (D:2)
  A killer bee zombie (D:5)
  Robin (D:2)
  6 gnolls
  9 adders
  An ufetubus (D:6)
  An adder skeleton (D:4)
  A worm (D:2)
  2 dart slugs
  9 orcs
  8 ball pythons
  5 endoplasms
  A giant cockroach (D:2)
  14 goblins
  12 hobgoblins
  7 jackals
  3 kobolds
  5 quokkas
  A bat (D:3)
  2 frilled lizards
  2 rats
117 creatures vanquished.

Vanquished Creatures (others)
  4 toadstools (D:1)
4 creatures vanquished.

Grand Total: 132 creatures vanquished

Notes
Turn   | Place    | Note
-------+----------+-------------------------------------------
     0 | D:1      | H0rd4k the Barachi Summoner began the quest for the Orb.
     0 | D:1      | Reached XP level 1. HP: 13/13 MP: 3/3
   119 | D:1      | Reached skill level 5 in Summonings
   560 | D:1      | Reached XP level 2. HP: 10/19 MP: 5/5
  2444 | D:2      | Reached XP level 3. HP: 24/24 MP: 2/7
  2448 | D:2      | Learned a level 3 spell: Call Canine Familiar
  2505 | D:2      | Noticed Natasha
  2562 | D:2      | Killed Natasha
  2895 | D:2      | Found a faded altar of an unknown god.
  3106 | D:2      | Reached XP level 4. HP: 27/30 MP: 3/8
  3198 | D:2      | Noticed Natasha
  3213 | D:2      | Killed Natasha
  3214 | D:2      | Reached skill level 1 in Fighting
  3343 | D:2      | Noticed Robin
  3347 | D:2      | Reached skill level 6 in Summonings
  4223 | D:3      | Noticed Jessica
  4231 | D:3      | Killed Jessica
  4232 | D:3      | Reached XP level 5. HP: 37/37 MP: 3/10
  4835 | D:2      | Noticed Natasha
  4847 | D:2      | Killed Natasha
  5150 | D:2      | Killed Robin
  5685 | D:4      | Identified the +0 hand axe of Generosity {drain, *Slow
                  | rPois SInv}
  6604 | D:5      | Entered Level 5 of the Dungeon
  6622 | D:4      | Learned a level 4 spell: Summon Lightning Spire
  6671 | D:5      | Noticed an ice beast
  6838 | D:5      | Killed an ice beast
  6839 | D:5      | Reached skill level 7 in Summonings
  6839 | D:5      | Reached skill level 1 in Air Magic
  6839 | D:5      | Reached XP level 6. HP: 37/43 MP: 3/12
  7269 | D:5      | Noticed Edmund
  7348 | D:6      | Reached XP level 7. HP: 48/48 MP: 7/14
  7663 | D:6      | Reached skill level 5 in Spellcasting
  7663 | D:6      | Reached skill level 8 in Summonings
  7716 | D:6      | Found a staircase to the Ecumenical Temple.
  7726 | Temple   | Entered the Ecumenical Temple
  7766 | Temple   | Became a worshipper of Qazlal Stormbringer
  8895 | D:6      | Learned a level 3 spell: Conjure Flame
  8939 | D:7      | Found an opulent altar of Gozag.
  8939 | D:7      | Found a sparkling altar of Nemelex Xobeh.
  8940 | D:7      | Found a white marble altar of Elyvilon.
  8940 | D:7      | Found a blossoming altar of Fedhas.
  8941 | D:7      | Found an ancient bone altar of Kikubaaqudgha.
  8941 | D:7      | Found a snail-covered altar of Cheibriados.
  8941 | D:7      | Found a basalt altar of Yredelemnul.
  9074 | D:7      | Noticed Pikel
  9101 | D:7      | Slain by Pikel

Illustrated notes

Levels and vault maps discovered:
D:1:      ldierk_walled_garden_2, layout_loops_corners
D:2:      layout_basic, shapermc_ecumenical_altar_petra, minmay_misc_feat_cross,
          minmay_hedge_maze, uniq_natasha, uniq_robin
D:3:      layout_basic, minmay_tree_intersection, uniq_jessica
D:4:      layout_basic
D:5:      layout_basic, hex_intersection, uniq_edmund
D:6:      layout_basic, minmay_temple_entry_junction_2,
          small_statue_intersection, minmay_stone_trees_small,
          kennysheep_small_spiral
D:7:      layout_rooms, grunt_temple_overflow_open, uniq_pikel
Temple:   regret_index_temple_waves

Skill      XL: |  1  2  3  4  5  6  7 |
---------------+----------------------+-----
Summonings     | 5 6 7 8 |  8.7
Fighting       | 1 |  1.4
Spellcasting   | 3 4 5 |  5.3
Air Magic      | 1 2 |  2.5
Axes           | |  0.2
Dodging        | |  2.5
Stealth        | |  1.7
Unarmed Combat | |  0.1

Action                   |  1- 3 |  4- 6 |  7- 9 || total
-------------------------+-------+-------+-------++-------
Melee: Unarmed           |    97 |     3 |       ||   100
       Hand axe          |       |    16 |     3 ||    19
 Cast: Summon Small Mamm |    80 |    95 |    15 ||   190
       Call Canine Famil |     4 |    46 |    16 ||    66
       Summon Lightning  |       |     2 |     9 ||    11
 Abil: Hop               |     1 |     2 |     1 ||     4
Evoke: Wand              |     3 |       |       ||     3
  Use: Scroll            |       |       |     2 ||     2
       Potion            |       |       |     1 ||     1
 Stab: Sleeping          |     1 |       |       ||     1
Armor: Robe              |    22 |     8 |     4 ||    34
Dodge: Dodged            |   116 |    61 |    14 ||   191
